 Dungeon Crawl Stone Soup version 0.20-a0-1018-ge435b50 (webtiles) character file.

5019 Monsterracer the Arsonist (level 10, -1/56 HPs)
             Began as a Deep Elf Fire Elementalist on Apr 17, 2017.
             Was a Believer of Vehumet.
             Shot with an arrow by a centaur warrior (5 damage)
             ... on level 9 of the Dungeon.
             The game lasted 00:39:55 (10941 turns).

Monsterracer the Arsonist (DEFE)                   Turns: 10941, Time: 00:39:55

Health: -1/56      AC:  9    Str:  5    XL:     10   Next: 30%
Magic:  1/33       EV: 15    Int: 26    God:    Vehumet [**....]
Gold:   187        SH:  5    Dex: 15    Spells: 11/25 levels left

rFire    + . .     SeeInvis +   u - +1 mace (crush)
rCold    . . .     Gourm    .   i - +0 buckler
rNeg     + . .     Faith    +   a - +0 robe
rPois    .         Spirit   .   v - +3 crown of Dyrovepreva {rElec Int+2 SInv}
rElec    +         Reflect  .   I - +2 cloak
rCorr    .         Harm     .   C - +0 pair of gloves
MR       +....                  (no boots)
Stlth    ++........             y - amulet of faith
Regen    0.2/turn               G - ring of magical power
MPRegen  0.3/turn               L - ring "Juc Fuch" {rF+ rN+ Slay+1}

@: very slightly contaminated
A: no striking features
a: Renounce Religion


You were on level 9 of the Dungeon.
You worshipped Vehumet.
Vehumet was pleased with you.
You were not hungry.

You visited 2 branches of the dungeon, and saw 10 of its levels.

You collected 387 gold pieces.
You spent 200 gold pieces at shops.

Inventory:

Hand Weapons
 u - a +1 mace of crushing (weapon)
Armour
 a - a +0 robe (worn)
 i - a +0 buckler (worn)
 v - the +3 crown of Dyrovepreva (worn) {rElec Int+2 SInv}
   (You found it on level 5 of the Dungeon)

   It affects your intelligence (+2).
   It insulates you from electricity.
   It lets you see invisible.
 C - a +0 pair of gloves (worn)
 I - a +2 cloak (worn)
Jewellery
 d - an uncursed ring of positive energy
 g - an uncursed ring of protection from cold
 y - an amulet of faith (around neck)
 G - a ring of magical power (left hand)
 K - the ring "Edwut" {rElec rF+++ Int-4 Dex+3 Stlth+}
   (You found it on level 8 of the Dungeon)

   [ring of stealth]

   It affects your intelligence (-4).
   It affects your dexterity (+3).
   It renders you almost immune to fire.
   It insulates you from electricity.
   It makes you more stealthy.
 L - the ring "Juc Fuch" (right hand) {rF+ rN+ Slay+1}
   (You found it on level 9 of the Dungeon)

   [ring of slaying]

   It affects your accuracy and damage with ranged weapons and melee attacks
   (+1).
   It protects you from fire.
   It protects you from negative energy.
Wands
 f - a wand of enslavement (13/24)
 x - a wand of acid (11/15)
 z - a wand of lightning (6/15)
 E - a wand of polymorph (6/24)
 H - a wand of polymorph (15/24)
Scrolls
 h - 2 scrolls of remove curse
 l - 4 scrolls of identify
 m - 2 scrolls of blinking
 n - 5 scrolls of recharging
 o - 3 scrolls of magic mapping
 r - 4 scrolls of enchant weapon
 s - 2 scrolls of enchant armour
Potions
 e - 2 potions of brilliance
 q - 3 potions of haste
 t - 2 potions of might
 w - a potion of berserk rage
 B - 2 potions of curing
 D - a potion of ambrosia
 J - 2 potions of flight
Books
 b - a book of Flames

   Spells                             Type                      Level
   a - Flame Tongue                   Conjuration/Fire             1
   b - Throw Flame                    Conjuration/Fire             2
   c - Conjure Flame                  Conjuration/Fire             3
   d - Inner Flame                    Hexes/Fire                   3
   e - Sticky Flame                   Conjuration/Fire             4
   f - Fireball                       Conjuration/Fire             5
Comestibles
 c - 6 bread rations
 j - 7 royal jellies
 k - 8 meat rations
 p - a chunk of flesh
 F - a fruit


   Skills:
 + Level 3.0 Fighting
 + Level 2.7 Maces & Flails
 + Level 5.0 Dodging
 - Level 2.4 Stealth
 + Level 3.2 Shields
 + Level 8.0 Spellcasting
 * Level 9.0 Conjurations
 * Level 9.6 Fire Magic
   Level 2.1 Earth Magic


You had 11 spell levels left.
You knew the following spells:

 Your Spells              Type           Power        Failure   Level  Hunger
a - Flame Tongue          Conj/Fire      #####        1%          1    None
b - Conjure Flame         Conj/Fire      ######..     1%          3    None
c - Sticky Flame          Conj/Fire      ######..     1%          4    ##.....
d - Fireball              Conj/Fire      ######....   4%          5    ####...
e - Shock                 Conj/Air       ####         1%          1    None


Dungeon Overview and Level Annotations

Branches:
Dungeon (9/15)             Temple (1/1) D:6            Lair (0/6) D:9
    Orc: D:9-12

Altars:
Ashenzari
Cheibriados
Dithmenos
Elyvilon
Fedhas
Gozag
Hepliaklqana
Kikubaaqudgha
Makhleb
Nemelex Xobeh
Okawaru
Qazlal
Ru
Sif Muna
Trog
Uskayaw
Vehumet
Wu Jian
Xom
Yredelemnul
Zin
The Shining One

Shops:
D:6 =   D:7 [

Annotations:
D:9 Joseph


Message History

Confirm with . or Enter, or press ? or * to list all spells.
Aiming: Flame Tongue
Press: ? - help, Shift-Dir - straight line, f/p - centaur warrior
Aim: a centaur warrior, wearing a granite ring (heavily wounded, covered in liquid flames)
The flame tongue hits the centaur warrior.
The centaur warrior appears unharmed.
The centaur warrior is heavily wounded.
The centaur warrior burns!
The centaur warrior hits you! x2
* * * LOW HITPOINT WARNING * * *
Okay, then.
Blink to where?
Press: ? - help, Dir - move target cursor, p - centaur warrior You are very lightly contaminated with residual magic.
As you read the scroll of blinking, it crumbles to dust.
The centaur warrior wields an uncursed longbow of freezing.
It is covered in frost.
The centaur warrior shoots an arrow.
The arrow hits you!
* * * LOW HITPOINT WARNING * * *
The arrow freezes you.
You die...

.############################
..c.........................#
...†........................#
....).......................#
..o..)..########............#
##....))#......'............#
######)#......#...........#
## #o#......#...........# .#
#.########@....####### .#
#.§c.........)(# .#
#..............# .#
#..............#
.######..............#
.....................#####
.........####............#
.......### #....>.......#
.......# #...########.#


You could see a centaur warrior (burning).

Vanquished Creatures
  Pikel (D:4)
  An ugly thing (D:7)
  Grinder (D:4)
  A hippogriff (D:8)
  A hungry ghost (D:7)
  Edmund (D:5)
  3 ice beasts
  2 sky beasts
  An orc warrior (D:6)
  6 ogres
  A black bear (D:7)
  2 phantoms
  2 centaurs
  2 bullfrogs
  A scorpion (D:5)
  6 killer bees (D:9)
  5 wights (D:7)
  6 crimson imps
  9 hounds
  5 orc priests
  9 orc wizards
  A jelly (D:4)
  Jessica (D:2)
  A bullfrog skeleton (D:8)
  3 iguanas
  7 worker ants
  A hound skeleton (D:5)
  4 gnolls (D:4)
  8 adders
  2 adder skeletons
  A worm (D:3)
  3 dart slugs
  6 leopard geckos
  31 orcs
  4 bats
  4 giant cockroaches
  10 goblins
  8 hobgoblins
  3 quokkas
  4 ball pythons (D:1)
  A frilled lizard (D:1)
  3 kobolds
  A quokka zombie (D:5)
  10 rats
183 creatures vanquished.

Vanquished Creatures (others)
  3 slaves (D:5)
  An orc wizard (D:5)
  A worm (D:5)
  An orc (D:5)
6 creatures vanquished.

Grand Total: 189 creatures vanquished

Notes
Turn   | Place    | Note
-------+----------+-------------------------------------------
     0 | D:1      | Monsterracer the Deep Elf Fire Elementalist began the quest for the Orb.
     0 | D:1      | Reached XP level 1. HP: 10/10 MP: 6/6
   248 | D:1      | Reached XP level 2. HP: 15/15 MP: 5/8
   781 | D:1      | Reached XP level 3. HP: 19/19 MP: 4/9
   845 | D:1      | Learned a level 3 spell: Conjure Flame
  1214 | D:2      | Noticed Jessica
  1219 | D:2      | Killed Jessica
  1219 | D:2      | Reached XP level 4. HP: 24/24 MP: 8/11
  1232 | D:2      | Found a faded altar of an unknown god.
  1631 | D:2      | Found a bloodstained altar of Trog.
  1632 | D:2      | Found an opulent altar of Gozag.
  1634 | D:2      | Found a hazy altar of Hepliaklqana.
  2166 | D:3      | Found a burning altar of Makhleb.
  2996 | D:4      | Reached XP level 5. HP: 11/28 MP: 5/13
  3214 | D:4      | Reached skill level 5 in Fire Magic
  3479 | D:4      | Reached XP level 6. HP: 11/32 MP: 1/14
  3489 | D:3      | Learned a level 4 spell: Sticky Flame
  3495 | D:3      | Learned a level 5 spell: Fireball
  3930 | D:5      | Entered Level 5 of the Dungeon
  4435 | D:4      | Reached skill level 5 in Spellcasting
  4726 | D:5      | Reached skill level 5 in Conjurations
  4726 | D:5      | Reached XP level 7. HP: 36/36 MP: 2/16
  5143 | D:5      | Noticed Pikel
  5144 | D:5      | Noticed Edmund
  5211 | D:4      | Killed Pikel
  5211 | D:4      | Reached XP level 8. HP: 26/41 MP: 1/19
  5950 | D:5      | Noticed Grinder
  6009 | D:5      | Killed Edmund
  6009 | D:5      | Reached skill level 1 in Shields
  6021 | D:5      | Paralysed by Grinder for 3 turns
  6041 | D:4      | Killed Grinder
  6041 | D:4      | Reached skill level 1 in Fighting
  6250 | D:5      | Found a snail-covered altar of Cheibriados.
  6637 | D:6      | Found a staircase to the Ecumenical Temple.
  6648 | Temple   | Entered the Ecumenical Temple
  6701 | Temple   | Became a worshipper of Vehumet
  6752 | D:6      | Found Ryeneyja's Jewellery Shop.
  6815 | D:6      | Bought an uncursed ring of magical power for 200 gold pieces
  6887 | D:6      | Reached skill level 1 in Maces & Flails
  7035 | D:6      | Reached XP level 9. HP: 47/47 MP: 21/21
  7092 | D:6      | Found a shadowy altar of Dithmenos.
  7978 | D:6      | Found a hide-covered altar of Uskayaw.
  8112 | D:6      | Found an iron altar of Okawaru.
  8210 | D:6      | Reached * piety under Vehumet
  8210 | D:6      | Offered knowledge of Sandblast by Vehumet.
  8213 | D:6      | Learned a level 1 spell: Sandblast
  8558 | D:7      | Reached skill level 1 in Earth Magic
  8677 | D:7      | Found a sacrificial altar of Ru.
  8730 | D:7      | Found a white marble altar of Elyvilon.
  8764 | D:7      | Found Fiaxau Fong's Armour Boutique.
  8881 | D:7      | Noticed a white ugly thing
  8890 | D:7      | Killed a white ugly thing
  9442 | D:8      | Got a pitted marble ring
  9450 | D:8      | Identified the ring "Edwut" {rElec rF+++ Int-4 Dex+3 Stlth+} (You found it on level 8 of the Dungeon)
  9493 | D:8      | Reached XP level 10. HP: 25/54 MP: 16/23
  9821 | D:8      | Found a bloodstained altar of Trog.
 10298 | D:9      | Reached ** piety under Vehumet
 10301 | D:9      | Offered knowledge of Shock by Vehumet.
 10307 | D:9      | Learned a level 1 spell: Shock
 10462 | D:9      | Got a flickering bone ring
 10464 | D:9      | Identified the ring "Juc Fuch" {rF+ rN+ Slay+1} (You found it on level 9 of the Dungeon)
 10510 | D:9      | Noticed a centaur warrior
 10742 | D:9      | Found a staircase to the Lair.
 10769 | D:9      | Reached skill level 5 in Dodging
 10870 | D:9      | Noticed Joseph
 10924 | D:9      | Offered knowledge of Throw Frost by Vehumet.
 10941 | D:9      | Shot with an arrow by a centaur warrior

Vault maps used:
D:1:      roderic_octagonal_star, minmay_shallow_snake_nest
D:2:      nicolae_overflow_hidden_temple,
          chequers_ecumenical_altar_simple_redux, first_bread, uniq_jessica
D:3:      overflow_temple_1_default, guppyfry_early_orc_mine
D:5:      slow_altar_1, uniq_pikel, uniq_edmund, uniq_grinder
D:6:      kennysheep_little_box, lemuel_doored_altar,
          lemuel_coloured_pillars_altar, minmay_temple_entry_junction,
          serial_shops, shop
D:7:      elyvilon_altar_4, nicolae_ru_awakened_eye, serial_shops, shop_statue
D:8:      basic_altar
D:9:      dpeg_oklobed_lair, hiddenorc1_lemuel, basic_altar,
          hangedman_fish_farm, uniq_joseph
Temple:   minmay_temple_bridge_abc

Skill      XL: |  1  2  3  4  5  6  7  8  9 10 |
---------------+-------------------------------+-----
Conjurations   | 2 3 4 5 6 7 8 9 |  9.0
Fire Magic     | 4 5 6 7 8 9 |  9.6
Spellcasting   | 4 5 6 7 8 |  8.0
Shields        | 1 2 3 |  3.2
Fighting       | 1 2 3 |  3.0
Dodging        | 3 4 5 |  5.0
Maces & Flails | 1 2 |  2.7
Earth Magic    | 2 |  2.1
Stealth        | |  2.4

Action                   |  1- 3 |  4- 6 |  7- 9 | 10-12 || total
-------------------------+-------+-------+-------+-------++-------
Melee: Unarmed           |     3 |       |       |       ||     3
       Dagger            |    10 |     5 |       |       ||    15
       Mace              |       |       |   214 |    97 ||   311
 Cast: Flame Tongue      |    42 |    98 |   181 |    77 ||   398
       Conjure Flame     |       |     6 |    10 |     7 ||    23
       Sticky Flame      |       |     4 |    31 |    11 ||    46
       Fireball          |       |       |     4 |     3 ||     7
  Use: Potion            |     7 |     4 |       |     1 ||    12
       Scroll            |     3 |     6 |     1 |     4 ||    14
 Stab: Sleeping          |       |     1 |       |       ||     1
  Eat: Chunk             |     1 |    11 |    17 |     5 ||    34
       Fruit             |       |       |     2 |     1 ||     3
Armor: Robe              |     5 |     6 |    95 |    26 ||   132
Dodge: Dodged            |    12 |    23 |   165 |    67 ||   267
Block: Buckler           |       |       |    20 |    28 ||    48
